 Dungeon Crawl Stone Soup version 0.25-a0-35-g747a2b3c0c (webtiles) character file.

Game seed: 2900197478412019218, levelgen mode: deterministic

188 Conn the Magician (level 5, -13/33 HPs)
             Began as an Octopode Wizard on Oct 19, 2019.
             Mangled by PatienceIsAVirtue's ghost (14 damage)
             ... on level 3 of the Dungeon.
             The game lasted 00:08:17 (3282 turns).

Conn the Magician (Octopode Wizard)                 Turns: 3282, Time: 00:08:18

Health: -13/33     AC:  3    Str:  7      XL:     5   Next: 67%
Magic:  3/11       EV: 13    Int: 25 (26) God:
Gold:   145        SH:  0    Dex: 10      Spells: 1/12 levels left

rFire    . . .     SeeInvis .   b - +0 short sword
rCold    . . .     Gourm    .   (no shield)
rNeg     . . .     Faith    .   a - +0 hat
rPois    .         Spirit   .   (no amulet)
rElec    .         Reflect  .   (no ring)
rCorr    .         Harm     .   (no ring)
MR       .....                  (no ring)
Stlth    ++........             (no ring)
HPRegen  0.11/turn              (no ring)
MPRegen  0.12/turn              (no ring)
                                (no ring)
                                (no ring)

@: confused, brilliant, lethally poisoned (-13 -> -16)
A: almost no armour, stealthy swim, amphibious, 8 rings, constrict 8, icy blue
scales 1, camouflage 1, deterioration 1, gelatinous body 1
a: no special abilities


You were on level 3 of the Dungeon.
You were not hungry.

You visited 1 branch of the dungeon, and saw 3 of its levels.

You collected 145 gold pieces.

Inventory:

Hand Weapons
 b - a +0 short sword (weapon)
Missiles
 k - 23 poisoned darts (quivered)
Armour
 a - a +0 hat (worn)
Scrolls
 d - 2 scrolls of enchant weapon {unknown}
 e - 3 scrolls of teleportation {unknown}
 f - 2 scrolls of immolation {unknown}
 g - a scroll of enchant armour {unknown}
 h - a scroll of fear {unknown}
 i - 4 scrolls of identify {unknown}
 o - a scroll of remove curse {unknown}
Comestibles
 c - 2 rations
 l - 2 chunks of flesh


   Skills:
 + Level 1.3 Fighting
 + Level 1.7 Short Blades
 + Level 2.8 Dodging
 + Level 3.6 Stealth
 + Level 4.1 Spellcasting
 + Level 2.0 Conjurations
 + Level 1.1 Summonings
 + Level 1.0 Translocations


You had one spell level left.
You knew the following spells:

 Your Spells              Type           Power        Failure   Level  Hunger
a - Magic Dart            Conj           ####         1%          1    None
b - Blink                 Tloc           N/A          1%          2    None
c - Call Imp              Summ           ####....     1%          2    None
d - Conjure Flame         Conj/Fire      ####....     2%          3    ##.....
e - Mephitic Cloud        Conj/Pois/Air  ###.....     2%          3    ##.....

Your spell library contained the following spells:

 Spells                   Type           Power        Failure   Level  Hunger
 Slow                     Hex            ###.....     1%          2    None


Dungeon Overview and Level Annotations

Branches:
Dungeon (3/15)

Altars:
Cheibriados
Nemelex Xobeh
The Shining One

Annotations:
D:3 PatienceIsAVirtue's ghost, amateur DsFi


Innate Abilities, Weirdness & Mutations

You cannot wear most types of armour.
You are very stealthy in the water. (Stealth+)
You are amphibious.
You can wear up to eight rings at the same time.
You can use your tentacles to constrict eight enemies at once.
Your skin changes colour to match your surroundings (Stealth+).
Your rubbery body absorbs attacks. (AC +1, EV +1)
You are partially covered in icy blue scales. (AC +2)
Your body sometimes deteriorates upon taking damage.


Message History

The adder appears confused.
PatienceIsAVirtue's ghost misses you.
The adder is engulfed in noxious fumes.
The adder bites you.
* * * LOW HITPOINT WARNING * * *
You bump into the rock wall.
You are engulfed in noxious fumes.
You choke on the stench!
You are more confused.
* * * LOW HITPOINT WARNING * * *
The adder is engulfed in noxious fumes.
The adder appears confused.
PatienceIsAVirtue's ghost barely misses you.
Unknown command.
* * * LOW HITPOINT WARNING * * *
You feel sick.
The adder is engulfed in noxious fumes.
The adder appears confused.
The adder misses you.
The adder is engulfed in noxious fumes.
The adder appears confused.
The adder barely misses PatienceIsAVirtue's ghost.
You aren't carrying any potions.
Unknown command.
You bump into the rock wall.
The adder closely misses you. PatienceIsAVirtue's ghost hits you!
You die...

#≈≈≈#####<#####.#
#≈≈≈#...........#
##†##.###.......#
#......##.#####.#
##.÷......# #.#
#.#s..##.# #.#
#.##.###.# #.#
###.##.###W# #.#
#......sS○@S# .#
#.##.##.#####
#.##.. ..####


You could see PatienceIsAVirtue's ghost, 2 adders and a giant cockroach.

Vanquished Creatures
  A bullfrog (D:3)
  4 adders
  2 oozes
  4 worms (D:2)
  3 dart slugs
  4 leopard geckos
  3 orcs (D:3)
  2 ball pythons
  6 bats
  5 giant cockroaches
  4 goblins (D:1)
  3 hobgoblins
  4 jackals (D:2)
  4 kobolds
  3 frilled lizards
  6 rats
58 creatures vanquished.

Notes
Turn   | Place    | Note
-------+----------+-------------------------------------------
     0 | D:1      | Conn the Octopode Wizard began the quest for the Orb.
     0 | D:1      | Reached XP level 1. HP: 11/11 MP: 4/4
   311 | D:1      | Reached XP level 2. HP: 17/17 MP: 0/6
  1069 | D:1      | Reached XP level 3. HP: 5/21 MP: 0/8
  1583 | D:2      | Learned a level 2 spell: Blink
  1586 | D:2      | Learned a level 2 spell: Call Imp
  1590 | D:2      | Learned a level 3 spell: Conjure Flame
  1871 | D:2      | Found a sparkling altar of Nemelex Xobeh.
  1945 | D:2      | Gained mutation: Your body sometimes deteriorates upon
                  | taking damage. [potion of mutation]
  1945 | D:2      | Gained mutation: You are partially covered in icy blue
                  | scales. (AC +2) [potion of mutation]
  2415 | D:2      | Found a snail-covered altar of Cheibriados.
  2466 | D:2      | Reached XP level 4. HP: 24/27 MP: 1/9
  2801 | D:2      | Reached skill level 4 in Spellcasting
  2979 | D:3      | Reached skill level 1 in Short Blades
  3085 | D:3      | Found a glowing golden altar of the Shining One.
  3195 | D:3      | Found a runed translucent door.
  3199 | D:3      | Noticed a bullfrog
  3200 | D:3      | Noticed PatienceIsAVirtue's ghost (amateur DsFi)
  3206 | D:3      | Reached skill level 1 in Fighting
  3206 | D:3      | Reached XP level 5. HP: 29/33 MP: 11/11
  3249 | D:3      | Learned a level 3 spell: Mephitic Cloud
  3281 | D:3      | HP: 1/33 [poisoned by an adder]
  3282 | D:3      | Mangled by PatienceIsAVirtue's ghost

Levels and vault maps discovered:
D:1:      wheals_arrival_shading, layout_basic, minivault_27
D:2:      minmay_evil_eye, layout_basic, overflow_temple_1_default,
          lemuel_round_altar
D:3:      layout_loops_ring, lemuel_round_altar, nicolae_overflow_crystal_walls,
          ebering_ghost_sewer_f, minivault_14, minmay_cut_off

Skill      XL: |  1  2  3  4  5 |
---------------+----------------+-----
Stealth        | 3 |  3.6
Spellcasting   | 4 |  4.1
Short Blades   | 1 |  1.7
Fighting       | 1 |  1.3
Conjurations   | 2 |  2.0
Dodging        | |  2.8
Summonings     | |  1.1
Translocations | |  1.0

Action                   |  1- 3 |  4- 6 || total
-------------------------+-------+-------++-------
Melee: Unarmed           |     6 |       ||     6
       Constrict         |     9 |     9 ||    18
       Tentacles         |     7 |     8 ||    15
       Short sword       |    40 |    62 ||   102
 Cast: Magic Dart        |    72 |    23 ||    95
       Call Imp          |       |     2 ||     2
       Mephitic Cloud    |       |     2 ||     2
       Conjure Flame     |       |     1 ||     1
  Use: Potion            |     4 |     3 ||     7
 Stab: Sleeping          |     7 |     3 ||    10
       Confused          |       |     1 ||     1
  Eat: Chunk             |     5 |     2 ||     7
Armor: Skin              |     4 |    16 ||    20
Dodge: Dodged            |    47 |    66 ||   113

Table legend:
 A = Non-vault XP
 B = Vault XP
 C = Vault XP percentage of total XP
 D = Non-vault monster count
 E = Vault monster count
 F = Vault count percentage of total count
                 A         B        C        D         E       F
            +---------+---------+-------+---------+---------+-------
      Total |     156 |     113 |  42.0 |      51 |       7 |  12.1
            +---------+---------+-------+---------+---------+-------
        D:1 |      38 |       0 |   0.0 |      19 |       0 |   0.0
        D:2 |      69 |       9 |  11.5 |      23 |       5 |  17.9
        D:3 |      49 |     104 |  68.0 |       9 |       2 |  18.2
            +---------+---------+-------+---------+---------+-------
